 Dungeon Crawl Stone Soup version 0.30.0-19-g36f170ea60 (webtiles) character file.

Game seed: 5549008798684809084

3446 sampeng1 the Fighter (level 9, -6/83 HPs)
             Began as a Green Draconian Berserker on May 27, 2023.
             Was an Elder of Trog.
             Mangled by a komodo dragon (18 damage)
             ... on level 8 of the Dungeon.
             The game lasted 00:26:11 (6968 turns).

sampeng1 the Fighter (Green Draconian Berserker)    Turns: 6968, Time: 00:26:12

Health: -6/83      AC: 16    Str: 24    XL:     9   Next: 77%
Magic:  0/9        EV: 12    Int:  5    God:    Trog [****..]
Gold:   1043       SH: 12    Dex: 11    Spells: 8/8 levels left

rFire   + . .        r - +1 war axe (vamp)
rCold   + . .        E - +0 tower shield
rNeg    . . .        (body armour unavailable)
rPois   +            d - +2 hat
rElec   +            t - scarf {rC+ rF+}
rCorr   .            j - +0 pair of gloves
SInv    .            J - +1 pair of boots {Fly}
Will    +....        B - amulet of guardian spirit
Stlth   +            c - +4 ring of protection
HPRegen 0.33/turn    f - ring of willpower
MPRegen 0.11/turn

%: guardian spirit
@: on berserk cooldown, flying, slowed, very slow
A: breathe noxious fumes, AC +7, unfitting armour, poison resistance,
cold-blooded, dopey 1, electricity resistance
a: Breathe Noxious Fumes, Renounce Religion, Berserk, Trog's Hand, Brothers in
Arms


You were on level 8 of the Dungeon.
You worshipped Trog.
Trog was greatly pleased with you.
You visited 1 branch of the dungeon, and saw 8 of its levels.
You also visited: Sewer and Bailey.

You collected 1043 gold pieces.

Inventory:

Hand Weapons
 r - a +1 vampiric war axe (weapon)
Missiles
 b - 36 boomerangs (quivered)
 g - 21 poisoned darts
Armour
 d - a +2 hat (worn)
 j - a +0 pair of gloves (worn)
 t - a scarf of resistance (worn)
 E - a +0 tower shield (worn)
 J - a +1 pair of boots of flying (worn)
Jewellery
 c - a +4 ring of protection (left hand)
 e - a ring of protection from fire
 f - a ring of willpower (right hand)
 l - an amulet of faith
 m - a ring of protection from fire
 x - a +5 ring of evasion
 B - an amulet of guardian spirit (around neck)
 I - a ring of flight
Wands
 o - a wand of light (16)
 L - a wand of polymorph (8)
 M - a wand of flame (22)
Scrolls
 h - 3 scrolls of immolation
 s - 2 scrolls of butterflies
 v - 2 scrolls of fear
 z - a scroll of magic mapping
 D - 2 scrolls of fog
 F - a scroll of poison
Potions
 a - a potion of ambrosia
 i - a potion of attraction
 k - 5 potions of flight
 n - a potion of haste
 p - 2 potions of heal wounds
 q - 5 potions of curing
 u - a potion of mutation
 A - a potion of invisibility
 G - a potion of cancellation
Miscellaneous
 K - a phial of floods


   Skills:
 + Level 9.0 Fighting
 + Level 8.2 Axes
 + Level 7.6 Dodging
 + Level 4.3 Shields


You had 8 spell levels left.
You didn't know any spells.
Your spell library was empty.

Dungeon Overview and Level Annotations

Branches:
Dungeon (8/15)             Temple (0/1) D:4            Lair (0/5) D:8
  Sewer (visited)          Bailey (visited)

Altars:
Hepliaklqana
Nemelex Xobeh
Uskayaw
Wu Jian
Yredelemnul
Zin


Innate Abilities, Weirdness & Mutations

You can breathe blasts of noxious fumes.
Your lurid green scales are hard. (AC +7)
You cannot fit into any form of body armour.
Your system is resistant to poisons. (rPois)
You are cold-blooded and may be slowed by cold attacks.
You are dopey. (Int -2)
You are resistant to electric shocks. (rElec)


Message History

You slash the black bear!
You feel better.
The black bear is almost dead.
You hit the komodo dragon but do no damage.
You hit the hornet.
You have got your breath back.
You feel very sick. You block the black bear's attack.
The black bear barely misses you. You block the black bear's attack.
The hornet stings you but does no damage.
The komodo dragon closely misses you.
The black bear bites you but does no damage.
The black bear claws you. You block the black bear's attack.
The hornet barely misses you. You block the komodo dragon's attack.
The black bear bites you.
The black bear claws you but does no damage.
The black bear claws you.
You hit the black bear. You tail-slap the black bear.
You kill the black bear!
Trog accepts your kill.
You barely miss the hornet. You barely miss the komodo dragon.
You feel sick. The hornet completely misses you. The hornet stings you!
* * * LOW HITPOINT WARNING * * *
You feel as though you will be slow longer.
You block the komodo dragon's attack. You block the hornet's attack.
The komodo dragon bites you!
* * * LOW HITPOINT WARNING * * *
Your Fighting skill increases to level 9!
You feel much better.
You feel sick. The hornet misses you. The komodo dragon bites you!!
* * * LOW HITPOINT WARNING * * *
The hornet closely misses you. The komodo dragon closely misses you.
The hornet attacks as you move away! You block the hornet's attack.
The komodo dragon attacks as you move away!
The komodo dragon bites you but does no damage.
You feel sick. The hornet closely misses you.
The hornet stings you but does no damage.
You feel better. You block the hornet's attack.
You block the komodo dragon's attack. The hornet closely misses you.
The komodo dragon bites you!!
You die...

..P...>..P.....
P........PPP.P.
....P.PP..PPP...
.PPPP..P.PPP....
..PPPP...PP.....
.P.P.P....P.....
#.P.PP...†..P#
#....P..yl...# .....#
#.P....@...## .....#
#...P.)†).P#
.....#######.......##
..........######....#####
~.........# #..........
~.........# #...#..#...
.....~....# #...##.# ..
....~~....# #...# ... .
..........#####...#.##..


You could see a komodo dragon and a hornet.

Vanquished Creatures
  Grinder (D:6)
  A hornet (D:7)
  A yak (D:8)
  4 orc warriors (Bailey)
  A sky beast (D:8)
  4 black bears
  6 centaurs
  The ghost of Runnerthe2 the Insei, an amateur OpTm (D:3)
  A phantom (D:4)
  2 kobold brigands
  5 bullfrogs
  4 scorpions
  3 killer bees (D:7)
  3 hounds
  2 jellies
  Jessica (D:3)
  4 iguanas
  2 orc wizards (D:6)
  Robin (D:4)
  7 gnolls
  3 adders
  3 river rats (Sewer)
  An ufetubus (D:5)
  4 dart slugs
  4 worms
  10 orcs
  11 ball pythons
  11 endoplasms
  4 giant cockroaches
  17 goblins
  6 hobgoblins
  5 jackals
  6 quokkas
  8 bats
  5 frilled lizards (D:3)
  28 kobolds
  3 rats
183 creatures vanquished.

Vanquished Creatures (others)
  An ufetubus (D:6)
1 creature vanquished.

Grand Total: 184 creatures vanquished

Notes
Turn   | Place    | Note
-------+----------+-------------------------------------------
     0 | D:1      | sampeng1 the Draconian Berserker began the quest for the
                  | Orb.
     0 | D:1      | Reached XP level 1. HP: 19/19 MP: 1/1
   168 | D:1      | Reached XP level 2. HP: 26/26 MP: 2/2
   748 | D:2      | Reached XP level 3. HP: 33/33 MP: 3/3
   860 | D:2      | Found a faded altar of an unknown god.
  1104 | D:2      | Reached ** piety under Trog
  1231 | D:2      | Reached skill level 4 in Fighting
  1389 | D:3      | You fall into a shaft and drop 3 floors!
  1396 | D:6      | Found a hide-covered altar of Uskayaw.
  1396 | D:6      | Noticed a +0 dagger
  1396 | D:6      | Noticed a +0 dagger
  1396 | D:6      | Noticed a +0 short sword
  1396 | D:6      | Noticed a +0 falchion
  1397 | D:6      | Noticed a +0 spear
  1397 | D:6      | Noticed a +0 falchion
  1398 | D:6      | Noticed a +0 spear
  1399 | D:6      | Noticed a +0 short sword
  1412 | D:6      | Noticed a kobold brigand
  1432 | D:6      | Reached XP level 4. HP: 29/40 MP: 4/4
  1438 | D:6      | Killed a kobold brigand
  1439 | D:6      | Reached XP level 5. HP: 25/47 MP: 5/5
  1609 | D:6      | Noticed a centaur
  1612 | D:6      | Noticed a centaur
  1620 | D:6      | Killed a centaur
  1621 | D:6      | Reached skill level 5 in Fighting
  1621 | D:6      | Reached XP level 6. HP: 56/56 MP: 6/6
  1653 | D:6      | Reached skill level 5 in Axes
  1731 | D:6      | Found a glowing silver altar of Zin.
  1895 | D:6      | Noticed Grinder
  1898 | D:6      | Paralysed by Grinder for 5 turns
  1919 | D:6      | Paralysed by Grinder for 2 turns
  1923 | D:6      | Killed Grinder
  1924 | D:6      | Reached skill level 6 in Fighting
  1924 | D:6      | Reached skill level 5 in Dodging
  1924 | D:6      | Your scales start taking on a lurid green colour.
  1924 | D:6      | Reached XP level 7. HP: 56/63 MP: 7/7
  1924 | D:6      | Gained mutation: Your system is resistant to poisons.
                  | (rPois) [Green Draconian growth]
  1980 | D:6      | Found a glowing drain.
  1998 | Sewer    | Entered a sewer
  2510 | D:5      | Entered Level 5 of the Dungeon
  2876 | D:5      | Gained mutation: You are dopey. (Int -2) [potion of
                  | mutation]
  2876 | D:5      | Gained mutation: You are agile. (Dex +4, Str/Int -1)
                  | [potion of mutation]
  2877 | D:5      | Lost mutation: You are agile. (Dex +4, Str/Int -1) [potion
                  | of mutation]
  2877 | D:5      | Lost mutation: You are dopey. (Int -2) [potion of mutation]
  2877 | D:5      | Gained mutation: You have hidden genetic defects. [potion
                  | of mutation]
  2877 | D:5      | Gained mutation: You passively dampen the noise of your
                  | surroundings. [potion of mutation]
  3401 | D:5      | Reached XP level 8. HP: 66/71 MP: 8/8
  3617 | D:4      | Reached skill level 7 in Fighting
  3622 | D:4      | Gained mutation: You occasionally lose the ability to read
                  | scrolls when taking damage. [hidden defects]
  3704 | D:4      | Noticed Robin
  3718 | D:4      | Killed Robin
  3757 | D:4      | Reached *** piety under Trog
  3821 | D:4      | Found a staircase to the Ecumenical Temple.
  4269 | D:3      | Found a transporter.
  4269 | D:3      | Noticed Runnerthe2's ghost (amateur OpTm)
  4270 | D:3      | Noticed Jessica
  4276 | D:3      | Killed Jessica
  4285 | D:3      | Found a transporter.
  4304 | D:3      | Killed Runnerthe2's ghost
  4310 | D:3      | Gained mutation: You are frail. (-10% HP) [hidden defects]
  4310 | D:3      | Lost mutation: You have hidden genetic defects. [hidden
                  | defects expressed]
  5367 | D:7      | Reached skill level 1 in Shields
  5496 | D:7      | Found a flagged portal.
  5513 | Bailey   | Entered a bailey
  5593 | Bailey   | Reached **** piety under Trog
  5725 | Bailey   | Reached skill level 8 in Fighting
  5725 | Bailey   | Reached XP level 9. HP: 61/72 MP: 3/9
  6208 | D:7      | Lost mutation: You passively dampen the noise of your
                  | surroundings. [potion of mutation]
  6208 | D:7      | Lost mutation: You occasionally lose the ability to read
                  | scrolls when taking damage. [potion of mutation]
  6208 | D:7      | Gained mutation: You are dopey. (Int -2) [potion of
                  | mutation]
  6208 | D:7      | Lost mutation: You are frail. (-10% HP) [potion of
                  | mutation]
  6208 | D:7      | Gained mutation: You are resistant to electric shocks.
                  | (rElec) [potion of mutation]
  6322 | D:7      | Found a large runed translucent door.
  6322 | D:7      | Found a large runed translucent door.
  6344 | D:7      | Found a hazy altar of Hepliaklqana.
  6453 | D:7      | Found a sparkling altar of Nemelex Xobeh.
  6806 | D:7      | Found an ornate altar of the Wu Jian Council.
  6856 | D:7      | Found a basalt altar of Yredelemnul.
  6954 | D:8      | Found a staircase to the Lair.
  6954 | D:8      | Noticed a komodo dragon
  6966 | D:8      | Reached skill level 9 in Fighting
  6967 | D:8      | HP: 4/83 [poisoned by a hornet]
  6968 | D:8      | Mangled by a komodo dragon

Illustrated notes

Levels and vault maps discovered:
D:1:      ncdulo_lavacross, layout_basic, roderic_roman_lattice,
          dreamdust_wishing_well
D:2:      layout_loops_cross, chequers_ecumenical_altar_twisty,
          minmay_fractal_squares_5
D:3:      layout_basic, gammafunk_ghost_arena, uniq_jessica
D:4:      layout_basic, minmay_temple_entry_antechambers, uniq_robin
D:5:      layout_basic, chequers_avenue
D:6:      layout_cave_pods, nicolae_uskayaw_en_pointe,
          mainiacjoe_overflow_24_doors, portal_sewer_entry_d, grunt_decor_cap,
          uniq_grinder
D:7:      layout_basic, old_standard_altar, jmf_multi_god_temple2,
          mainiacjoe_overflow_surrounded_room, enter_bailey_2,
          minmay_misc_feat_hallway
D:8:      layout_basic, lemuel_round_altar, due_lair_maze_entry_diamond,
          reono_crystal_passage, kb_lookout_dungeons_type, dk_noncrumbling_2,
          kennysheep_small_spiral, minivault_14, chequers_serial_rivers_room_b,
          serial_park_tiny_pond

Skill      XL: |  1  2  3  4  5  6  7  8  9 |
---------------+----------------------------+-----
Dodging        | 3 4 5 6 7 |  7.6
Fighting       | 4 5 6 8 9 |  9.0
Axes           | 4 5 6 7 8 |  8.2
Shields        | 2 4 |  4.3

Action                     |  1- 3 |  4- 6 |  7- 9 || total
---------------------------+-------+-------+-------++-------
  Melee: Hand axe          |   111 |    66 |   174 ||   351
         Tailslap          |    11 |    13 |    52 ||    76
         Punch             |     1 |       |     3 ||     4
         War axe           |       |       |   278 ||   278
 Invoke: Berserk           |     1 |     2 |     2 ||     5
Ability: Breathe Noxious F |       |       |     5 ||     5
    Use: Scroll            |     5 |       |    17 ||    22
         Potion            |     3 |       |     8 ||    11
   Stab: Sleeping          |     1 |       |     1 ||     2
 Armour: Skin              |    61 |    32 |   274 ||   367
  Dodge: Dodged            |    79 |    50 |   357 ||   486
  Block: Tower shield      |       |       |   166 ||   166
